 Dungeon Crawl Stone Soup version 0.23.2-40-g277498a001 (webtiles) character file.

Game seed: 11375012067308805906

17420 Curus the Spear-Bearer (level 12, -1/110 HPs)
             Began as a Minotaur Fighter on Oct 18, 2019.
             Was an Elder of Makhleb.
             Killed from afar by an electric eel (5 damage)
             ... with a bolt of electricity
             ... on level 2 of the Lair of Beasts.
             The game lasted 00:39:41 (9492 turns).

Curus the Spear-Bearer (Minotaur Fighter)           Turns: 9492, Time: 00:39:42

Health: -1/110     AC: 15    Str: 23    XL:     12   Next: 18%
Magic:  16/16      EV:  8    Int:  5    God:    Makhleb [****..]
Gold:   668        SH: 12    Dex: 16    Spells: 11/11 levels left

rFire    . . .     SeeInvis .   a - +1 trident
rCold    + . .     Gourm    .   c - +0 shield
rNeg     . . .     Faith    .   q - +0 chain mail
rPois    +         Spirit   .   (helmet restricted)
rElec    .         Reflect  .   z - +0 cloak of Responsibility {rPois Int-3 Dex+6}
rCorr    .         Harm     .   (no gloves)
MR       .....                  (no boots)
Stlth    ..........             x - amulet of magic regeneration
HPRegen  0.28/turn              k - ring of protection from cold
MPRegen  0.40/turn              r - +1 ring of evasion

@: about to teleport
A: retaliatory headbutt, horns 2, slimy green scales 1, MP-powered wands
a: Minor Destruction, Lesser Servant of Makhleb, Major Destruction, Renounce
Religion


You were on level 2 of the Lair of Beasts.
You worshipped Makhleb.
Makhleb was greatly pleased with you.
You were not hungry.

You visited 3 branches of the dungeon, and saw 13 of its levels.

You collected 668 gold pieces.

Inventory:

Hand Weapons
 a - a +1 trident (weapon)
Armour
 b - a +0 scale mail
 c - a +0 shield (worn)
 d - a +2 cloak of magic resistance
 q - a +0 chain mail (worn)
 z - the +0 cloak of Responsibility (worn) {rPois Int-3 Dex+6}
   (You found it on level 1 of the Lair of Beasts)

   It affects your intelligence (-3).
   It affects your dexterity (+6).
   It protects you from poison.
Jewellery
 k - a ring of protection from cold (left hand)
 n - an uncursed ring of see invisible
 r - a +1 ring of evasion (right hand)
 x - an amulet of magic regeneration (around neck)
 A - a -5 ring of evasion
 C - an uncursed ring of ice
Wands
 m - a wand of flame (48)
 o - a wand of digging (1)
 s - a wand of clouds (6)
 t - a wand of random effects (23)
 v - a wand of paralysis (9)
 y - a wand of enslavement (5)
Scrolls
 g - 11 scrolls of identify
 i - 2 scrolls of amnesia
 j - 5 scrolls of remove curse
 D - a scroll of teleportation
Potions
 e - 4 potions of haste
 h - 2 potions of heal wounds
 l - 10 potions of curing
 p - 3 potions of cancellation
 w - a potion of brilliance
 B - a potion of agility
Comestibles
 f - 31 rations
 u - 5 chunks of flesh


   Skills:
 - Level 11.3 Fighting
 - Level 14.0 Polearms
 - Level 11.3 Armour
 + Level 9.2 Shields
 + Level 6.9 Invocations


You had 11 spell levels left.
You didn't know any spells.
Your spell library contained the following spells:

 Spells                   Type           Power        Failure   Level  Hunger
 Magic Dart               Conj           #...         99%         1    ##.....
 Sandblast                Erth           #.....       99%         1    ##.....
 Blink                    Tloc           N/A          100%        2    ###....
 Call Imp                 Summ           #.......     100%        2    ###....
 Passwall                 Tmut/Erth      #.......     100%        2    ###....
 Slow                     Hex            #.......     100%        2    ###....
 Conjure Flame            Conj/Fire      #.......     100%        3    ####...
 Mephitic Cloud           Conj/Pois/Air  #.......     100%        3    ####...
 Stone Arrow              Conj/Erth      #.....       100%        3    ####...
 Petrify                  Tmut/Erth      #.......     100%        4    #####..
 Lee's Rapid Deconstruct  Erth           #.........   100%        5    ######.


Dungeon Overview and Level Annotations

Branches:
Dungeon (10/15)            Temple (1/1) D:5            Lair (2/6) D:10
    Orc (0/2) D:9
  Swamp: Lair:2-4    Shoals: Lair:2-4     Snake: Lair:2-4    Spider: Lair:2-4

Altars:
Fedhas
Kikubaaqudgha
Makhleb
Nemelex Xobeh
Qazlal
Xom
The Shining One

Shops:
D:6 [

Annotations:
D:6 2 transporters, lepoulpe303's ghost, novice HOAK
Lair:2 exclusion: 2 oklob plants


Innate Abilities, Weirdness & Mutations

You reflexively headbutt those who attack you in melee.
You have a pair of horns on your head.
You are partially covered in slimy green scales. (AC +2)
You expend magic power (3 MP) to strengthen your wands.


Message History

* * * LOW HITPOINT WARNING * * *
You feel much better.
The electric eel shoots out a bolt of lightning at you!
The bolt of electricity hits you!
* * * LOW HITPOINT WARNING * * *
The bullfrog hits you but does no damage.
The electric eel shoots out a bolt of lightning at you!
The bolt of electricity hits the electric eel.
The electric eel completely resists.
The bolt of electricity hits you!
* * * LOW HITPOINT WARNING * * *
The electric eel shoots out a bolt of lightning at you!
The bolt of electricity hits you!
* * * LOW HITPOINT WARNING * * *
As you read the scroll of teleportation, it crumbles to dust.
You feel strangely unstable. The bullfrog barely misses you.
You block the bullfrog's attack.
Your neqoxec closely misses the electric eel.
The electric eel shoots out a bolt of lightning at you!
The bolt of electricity hits you.
You die...

#..#
...#.###÷####..#
..# ........##
##.P♣ ....
........####≈#♣♣♣♣
..#
#..##...≈≈≈≈≈P≈≈≈♣
.## ##.
#...≈≈P≈≈P≈≈≈≈
#..#...P≈≈≈P≈≈≈≈≈
# #....≈≈≈P≈P≈≈≈≈
#
#.#....≈3;≈≈;≈≈≈≈
#
#.......@;≈≈≈≈≈≈≈
#
#........FPPPP≈≈≈≈
........P≈≈≈P≈≈≈≈≈
......(..≈P≈P≈≈≈≈≈
##......P≈P≈≈≈≈≈≈≈
P..#....≈P≈≈PP≈≈♣♣
.........≈#P#♣♣♣♣
.#....##### ..


You could see a bullfrog, 3 electric eels and a friendly neqoxec.

Vanquished Creatures
  Harold (D:7)
  3 death yaks (Lair:2)
  Pikel (D:4)
  Maurice (D:8)
  A black mamba (Lair:2)
  2 rime drakes (Lair:2)
  8 spiny frogs
  2 komodo dragons
  A troll (D:9)
  Prince Ribbit (D:6)
  A hornet (D:10)
  4 hippogriffs
  A wyvern (D:8)
  A wraith (D:10)
  10 yaks
  Eustachio (D:5)
  2 steam dragons
  A hungry ghost (D:7)
  Edmund (D:5)
  2 water moccasins
  A porcupine (Lair:2)
  4 ice beasts
  2 black bears
  A slave (D:4)
  3 orc warriors
  A sky beast (D:8)
  2 phantoms
  4 necrophages
  8 ogres
  9 wolves (Lair:2)
  3 centaurs
  3 crocodiles
  10 bullfrogs
  3 big kobolds
  A gnoll sergeant (D:6)
  2 scorpions (D:10)
  A water moccasin skeleton (D:5)
  8 killer bees
  3 wights (D:8)
  A howler monkey (D:4)
  An electric eel (Lair:2)
  6 crimson imps
  2 bullfrog zombies
  3 orc wizards
  A bullfrog skeleton (D:9)
  3 orc priests
  Crazy Yiuf (D:5)
  3 centaur skeletons
  6 hounds
  3 jellies
  4 iguanas
  4 worker ants
  A killer bee zombie (D:7)
  A hound zombie (D:5)
  2 hound skeletons
  2 worker ant zombies
  8 gnolls
  4 adders
  A shadow imp (D:6)
  An ooze (D:1)
  An adder skeleton (D:4)
  8 worms
  4 dart slugs
  7 leopard geckos
  19 orcs
  7 giant cockroaches
  11 goblins
  11 hobgoblins
  10 jackals
  19 kobolds
  6 quokkas
  14 bats
  5 frilled lizards
  A jackal zombie (D:6)
  A leopard gecko skeleton (D:5)
  A leopard gecko zombie (D:7)
  A quokka zombie (D:7)
  5 rats (D:1)
  A bush (D:7)
  A plant (D:7)
305 creatures vanquished.

Vanquished Creatures (others)
  A slave (D:4)
  Blork the orc (D:4)
  A worker ant (D:4)
  An adder (D:4)
  A leopard gecko (D:4)
  A fungus (Lair:2)
  4 plants
10 creatures vanquished.

Grand Total: 315 creatures vanquished

Notes
Turn   | Place    | Note
-------+----------+-------------------------------------------
     0 | D:1      | Curus the Minotaur Fighter began the quest for the Orb.
     0 | D:1      | Reached XP level 1. HP: 19/19 MP: 0/0
    75 | D:1      | Reached skill level 3 in Polearms
   117 | D:1      | Reached XP level 2. HP: 21/26 MP: 1/1
   143 | D:1      | Reached skill level 4 in Polearms
   281 | D:1      | Reached XP level 3. HP: 29/31 MP: 2/2
   809 | D:2      | Gained mutation: Your body sometimes deteriorates upon
                  | taking damage. [potion of mutation]
   809 | D:2      | Gained mutation: You expend magic power (3 MP) to
                  | strengthen your wands. [potion of mutation]
   876 | D:2      | Reached skill level 5 in Polearms
  1081 | D:2      | Reached XP level 4. HP: 19/39 MP: 3/3
  1650 | D:1      | Lost mutation: You expend magic power (3 MP) to strengthen
                  | your wands. [potion of mutation]
  1650 | D:1      | Lost mutation: Your body sometimes deteriorates upon taking
                  | damage. [potion of mutation]
  1650 | D:1      | Gained mutation: You are occasionally teleported next to
                  | monsters. [potion of mutation]
  1650 | D:1      | Gained mutation: You expend magic power (3 MP) to
                  | strengthen your wands. [potion of mutation]
  1924 | D:3      | Reached skill level 6 in Polearms
  2176 | D:3      | Reached XP level 5. HP: 44/45 MP: 4/4
  2436 | D:4      | Reached skill level 7 in Polearms
  2548 | D:4      | Noticed a slave
  2557 | D:4      | Killed a slave
  2558 | D:4      | Noticed Pikel
  2559 | D:4      | Noticed a slave
  2559 | D:4      | Noticed a slave
  2565 | D:4      | Noticed a slave
  2571 | D:4      | Killed Pikel
  2571 | D:4      | Reached skill level 9 in Polearms
  2571 | D:4      | Reached XP level 6. HP: 8/51 MP: 5/5
  2571 | D:4      | Reached XP level 7. HP: 9/57 MP: 6/6
  2691 | D:4      | Killed Blork the orc
  2955 | D:4      | Reached skill level 10 in Polearms
  3259 | D:5      | Entered Level 5 of the Dungeon
  3381 | D:5      | Found a staircase to the Ecumenical Temple.
  3381 | D:5      | Noticed Eustachio
  3390 | D:5      | Killed Eustachio
  3390 | D:5      | Reached skill level 11 in Polearms
  3390 | D:5      | Reached XP level 8. HP: 57/64 MP: 7/7
  3412 | D:5      | Noticed Edmund
  3423 | D:5      | Killed Edmund
  3463 | Temple   | Entered the Ecumenical Temple
  3470 | Temple   | Became a worshipper of Makhleb the Destroyer
  3627 | D:5      | Found a runed translucent door.
  3628 | D:5      | Noticed Crazy Yiuf
  3686 | D:5      | Reached skill level 12 in Polearms
  4149 | D:5      | Killed Crazy Yiuf
  4257 | D:6      | Found a transporter.
  4261 | D:6      | Found a transporter.
  4270 | D:6      | Noticed lepoulpe303's ghost (novice HOAK)
  4360 | D:6      | Reached skill level 13 in Polearms
  4408 | D:6      | Noticed Prince Ribbit
  4699 | D:6      | Found Lilosa's Antique Armour Shop.
  4807 | D:6      | Killed Prince Ribbit
  4807 | D:6      | Reached XP level 9. HP: 58/70 MP: 8/8
  4923 | D:7      | Reached * piety under Makhleb
  4976 | D:7      | Reached skill level 14 in Polearms
  5120 | D:7      | Found a sparkling altar of Nemelex Xobeh.
  5292 | D:7      | Reached skill level 5 in Fighting
  5292 | D:7      | Reached skill level 5 in Armour
  5307 | D:7      | Noticed Harold
  5330 | D:7      | Killed Harold
  5415 | D:7      | Found a blossoming altar of Fedhas.
  5619 | D:8      | Reached XP level 10. HP: 76/86 MP: 9/9
  5626 | D:8      | Reached ** piety under Makhleb
  5774 | D:8      | Noticed Maurice
  5808 | D:8      | Killed Maurice
  5840 | D:8      | Found a shimmering altar of Xom.
  6749 | D:9      | Reached *** piety under Makhleb
  6777 | D:9      | Reached skill level 10 in Fighting
  6777 | D:9      | Reached skill level 10 in Armour
  7238 | D:9      | Reached XP level 11. HP: 101/101 MP: 10/10
  7274 | D:9      | Found a staircase to the Orcish Mines.
  7366 | D:9      | Lost mutation: You expend magic power (3 MP) to strengthen
                  | your wands. [potion of mutation]
  7366 | D:9      | Lost mutation: You are occasionally teleported next to
                  | monsters. [potion of mutation]
  7366 | D:9      | Gained mutation: You expend magic power (3 MP) to
                  | strengthen your wands. [potion of mutation]
  7366 | D:9      | Gained mutation: You are partially covered in slimy green
                  | scales. (AC +2) [potion of mutation]
  7368 | D:10     | Entered Level 10 of the Dungeon
  7497 | D:10     | Reached **** piety under Makhleb
  7648 | D:10     | Found a staircase to the Lair.
  7678 | Lair:1   | Entered Level 1 of the Lair of Beasts
  7791 | Lair:1   | Reached skill level 1 in Invocations
  8234 | Lair:1   | Reached skill level 5 in Shields
  8563 | Lair:1   | Got a bloodstained cloak
  8574 | Lair:1   | Identified the +0 cloak of Responsibility {rPois Int-3
                  | Dex+6} (You found it on level 1 of the Lair of Beasts)
  8919 | Lair:2   | Reached skill level 5 in Invocations
  9026 | Lair:2   | Noticed an oklob plant
  9026 | Lair:2   | Noticed an oklob plant
  9114 | Lair:2   | Noticed a death yak
  9115 | Lair:2   | Noticed a death yak
  9115 | Lair:2   | Noticed a death yak
  9140 | Lair:2   | Killed a death yak
  9145 | Lair:2   | Killed a death yak
  9150 | Lair:2   | Reached XP level 12. HP: 100/110 MP: 15/15
  9151 | Lair:2   | Killed a death yak
  9348 | Lair:2   | Reached ***** piety under Makhleb
  9491 | Lair:2   | HP: 4/110 [electric eel/bolt of electricity (9)]
  9492 | Lair:2   | Killed from afar by an electric eel

Skill      XL: |  1  2  3  4  5  6  7  8  9 10 11 12 |
---------------+-------------------------------------+-----
Polearms       | 3 4 5 6 9 11 13 14 | 14.0
Fighting       | 7 10 11 | 11.3
Armour         | 7 10 11 | 11.3
Shields        | 8 9 |  9.2
Invocations    | 6 |  6.9

Action                   |  1- 3 |  4- 6 |  7- 9 | 10-12 || total
-------------------------+-------+-------+-------+-------++-------
Melee: Trident           |   140 |   141 |   354 |   723 ||  1358
       Headbutt          |    15 |    18 |    69 |   145 ||   247
Invok: Lesser Servant of |       |       |       |     1 ||     1
Evoke: Wand              |       |       |       |     1 ||     1
  Use: Potion            |     4 |     2 |     3 |     6 ||    15
       Scroll            |     5 |     3 |     2 |     5 ||    15
  Eat: Chunk             |     1 |     5 |    10 |    11 ||    27
       Ration            |       |       |       |     1 ||     1
Armor: Scale mail        |    47 |    55 |    14 |       ||   116
       Chain mail        |       |       |    44 |   244 ||   288
Dodge: Dodged            |    38 |    40 |    38 |   156 ||   272
Block: Shield            |    53 |    54 |    67 |   252 ||   426
